 Dungeon Crawl Stone Soup version 0.18.1-51-gd549091e01 (webtiles) character file.

13975 magog001 the Protected (level 11, -4/103 HPs)
             Began as a Minotaur Fighter on Mar 13, 2021.
             Slain by an unseen horror (6 damage)
             ... on level 13 of the Dungeon on Mar 17, 2021.
             The game lasted 01:08:55 (14717 turns).

magog001 the Protected (Minotaur Fighter)          Turns: 14717, Time: 01:08:55

Health: -4/103     AC: 22    Str: 28    XL:     11   Next: 82%
Magic:  6/11       EV:  3    Int:  5    God:
Gold:   481        SH:  0    Dex: 10    Spells: 0 memorised, 10 levels left

rFire  . . .     SeeInvis .     q - +0 halberd (chop)
rCold  . . .     Gourm    .     t - +0 plate armour
rNeg   . . .     Faith    .     (shield currently unavailable)
rPois  +         Spirit   .     (helmet unavailable)
rElec  .         Dismiss  .     x - +2 cloak
rCorr  .         Reflect  .     (no gloves)
SustAt .         Harm     .     (no boots)
MR     .....                    (no amulet)
Stlth  ..........               K - ring of poison resistance
                                o - +4 ring of strength

@: not resistant to hostile enchantments, extremely unstealthy
A: retaliatory headbutt, horns 3, thin metallic scales 1, MP-powered wands
a: no special abilities


You were on level 13 of the Dungeon.
You were very hungry.

You visited 2 branches of the dungeon, and saw 14 of its levels.

You collected 481 gold pieces.

Inventory:

Hand Weapons
 j - a +0 hunting sling
 q - a +0 halberd of chopping (weapon)
Missiles
 c - 46 sling bullets
 h - 315 stones
 s - 4 steel tomahawks
 u - 2 tomahawks (quivered)
Armour
 d - a +0 chain mail
 t - a +0 plate armour (worn)
 x - a +2 cloak (worn)
 J - a +0 hat
Jewellery
 o - a +4 ring of strength (left hand)
 p - an uncursed ring of protection from magic
 w - a +4 ring of intelligence
 K - a ring of poison resistance (right hand)
Wands
 e - a wand of random effects (10/48)
 v - a wand of lightning (3/15)
 z - a wand of disintegration (0/24)
 A - a wand of flame (25/48)
 B - a wand of polymorph (12/24)
 G - a wand of slowing (42/48)
 I - a wand of confusion (24/48)
Scrolls
 a - a scroll of blinking
 g - 5 scrolls of remove curse
 l - a scroll of magic mapping
 n - 4 scrolls of teleportation
 y - a scroll of amnesia
 C - 4 scrolls of recharging
Potions
 b - 2 potions of brilliance
 m - 3 potions of cancellation
Miscellaneous
 H - a box of beasts
Comestibles
 f - 4 royal jellies
 i - 4 meat rations
 k - 8 fruits
 r - 2 slices of pizza
 D - a beef jerky
 F - a bread ration


   Skills:
 * Level 11.6 Fighting
   Level 3.7(8.7) Axes
 * Level 12.0(12.2) Polearms
 * Level 14.4 Armour
 + Level 1.4 Stealth
   Level 4.8 Shields
 + Level 2.5 Evocations


You had 10 spell levels left.
You didn't know any spells.

Dungeon Overview and Level Annotations

Branches:
Dungeon (13/15)            Temple (1/1) D:6            Lair (0/8) D:11
    Orc: D:9-12      Vaults: D:13-14

Altars:
Ashenzari
Cheibriados
Dithmenos
Elyvilon
Fedhas
Gozag
Kikubaaqudgha
Makhleb
Nemelex Xobeh
Okawaru
Pakellas
Qazlal
Ru
Sif Muna
Trog
Vehumet
Xom
Yredelemnul
Zin
The Shining One


Innate Abilities, Weirdness & Mutations

You reflexively headbutt those who attack you in melee.
You have a pair of large horns on your head.
You are partially covered in thin metallic scales (AC +2).
You expend magic power (3 MP) to strengthen your wands.


Message History

The nine-headed hydra closely misses you.
The nine-headed hydra bites you but does no damage.
The nine-headed hydra bites you.
* * * LOW HITPOINT WARNING * * *
The nine-headed hydra closely misses you.
The nine-headed hydra bites you but does no damage. x2
You see here a rapier.
Something hits you.
* * * LOW HITPOINT WARNING * * *
Something hits you but does no damage.
There is a large open door, spattered with blood here.
Something hits you.
* * * LOW HITPOINT WARNING * * *
Something hits you but does no damage.
You see here a mace.
Something hits you.
* * * LOW HITPOINT WARNING * * *
There is a stone staircase leading down, spattered with blood here.
Something hits you.
You die...

##.###. ###≈≈≈≈≈§§
##≈≈≈≈≈≈≈§≈
###+###≈§≈≈######
#.....≈≈≈8##....# #
#..§§≈≈≈.##.... ## ≈#
#..§≈§≈.8#..####..#§≈#
#..h§§{).'..#[)#..#≈≈#
+...≈§@D.'..#%$'..#§≈
#...≈§≈.8#..##.#..#
#....≈§≈.##..)...#
#.....≈§§8##...)##
###+###≈≈≈≈§#####
##≈≈≈§≈≈≈§≈
##.≈§§§≈≈≈≈
#.####..#### ## #.##


You could see a nine-headed hydra and a hound.

Vanquished Creatures
  Erolcha (D:11)
  A deep troll earth mage (D:13)
  The ghost of OdinelGallardo the Slicer, a novice KoAs of Nemelex Xobeh (D:6)
  An unseen horror (D:11)
  4 hill giants
  Pikel (D:6)
  A deep elf mage (D:13)
  An ugly thing (D:11)
  The ghost of magog001 the Skirmisher, a novice DrFi of Nemelex Xobeh (D:4)
  A molten gargoyle (D:13)
  A komodo dragon (D:11)
  Grinder (D:6)
  3 trolls
  A two-headed ogre (D:7)
  A wraith (D:9)
  A wyvern (D:7)
  2 hungry ghosts
  A mottled dragon (D:11)
  3 orc warriors
  An ice beast (D:5)
  A wasp (D:13)
  A necrophage (D:8)
  A phantom (D:5)
  5 sky beasts
  A slave (D:6)
  4 ogres
  11 centaurs
  2 big kobolds
  10 giant frogs
  A wyvern skeleton (D:10)
  3 scorpions
  9 killer bees
  5 wights (D:8)
  4 spriggan skeletons (D:9)
  A wasp zombie (D:6)
  5 crimson imps
  9 orc priests
  4 centaur skeletons
  8 orc wizards
  A quasit (D:8)
  A centaur zombie (D:6)
  A giant frog skeleton (D:6)
  3 hounds
  2 iguanas
  Natasha (thrice) (D:4)
  15 worker ants
  A killer bee zombie (D:8)
  A hound zombie (D:7)
  3 gnolls (D:3)
  2 howler monkey skeletons
  12 adders
  4 shadow imps
  2 adder skeletons
  3 worms
  2 dart slugs (D:2)
  3 giant geckos
  37 orcs
  7 bats
  4 giant cockroaches
  3 goblins
  A hobgoblin (D:3)
  11 jackals
  4 quokkas
  A ball python (D:3)
  6 giant newts
  13 kobolds
  A quokka skeleton (D:9)
  7 rats
  A butterfly (D:6)
  2 plants (D:11)
270 creatures vanquished.

Vanquished Creatures (others)
  A wizard (D:12)
  Sigmund (D:6)
  2 slaves (D:6)
  A centaur (D:6)
  A giant frog (D:6)
  A crimson imp (D:6)
  An adder (D:6)
  3 butterflies (D:6)
11 creatures vanquished.

Grand Total: 281 creatures vanquished

Notes
Turn   | Place    | Note
--------------------------------------------------------------
     0 | D:1      | magog001 the Minotaur Fighter began the quest for the Orb.
     0 | D:1      | Reached XP level 1. HP: 19/19 MP: 0/0
   312 | D:1      | Reached XP level 2. HP: 25/27 MP: 1/1
   344 | D:1      | Reached skill level 4 in Armour
  1526 | D:2      | Found a faded altar to an unknown god.
  1575 | D:2      | Reached XP level 3. HP: 30/33 MP: 2/2
  2285 | D:3      | Reached XP level 4. HP: 28/41 MP: 3/3
  2728 | D:3      | Found a sacrificial altar of Ru.
  2729 | D:3      | Found an ancient bone altar of Kikubaaqudgha.
  2768 | D:3      | Found an opulent altar of Gozag.
  2844 | D:3      | HP: 2/41 [gnoll/halberd of chopping (1)]
  2846 | D:3      | Reached XP level 5. HP: 2/47 MP: 4/4
  3384 | D:3      | Reached skill level 5 in Armour
  3855 | D:4      | Noticed magog001's ghost (novice DrFi)
  3866 | D:4      | HP: 2/47 [magog001's ghost (7)]
  3868 | D:4      | Killed magog001's ghost
  3868 | D:4      | Reached skill level 5 in Fighting
  3868 | D:4      | Reached skill level 7 in Armour
  3868 | D:4      | Reached XP level 6. HP: 3/56 MP: 5/5
  3868 | D:4      | Reached XP level 7. HP: 3/61 MP: 6/6
  4200 | D:4      | Noticed Natasha
  4204 | D:4      | Killed Natasha
  4220 | D:4      | Noticed Natasha
  4234 | D:4      | Killed Natasha
  4287 | D:4      | Noticed Natasha
  4296 | D:4      | Killed Natasha
  4437 | D:4      | Reached skill level 8 in Armour
  4711 | D:5      | Entered Level 5 of the Dungeon
  4736 | D:5      | Gained mutation: You have a beak for a mouth. [potion of beneficial mutation]
  5023 | D:5      | Reached skill level 1 in Stealth
  5023 | D:5      | Reached XP level 8. HP: 70/70 MP: 7/7
  5758 | D:6      | Killed Sigmund
  5827 | D:6      | Noticed Grinder
  5829 | D:6      | Paralysed by Grinder for 7 turns
  5841 | D:6      | Reached skill level 9 in Armour
  5843 | D:6      | Reached skill level 5 in Polearms
  5851 | D:6      | Killed Grinder
  5986 | D:6      | Noticed OdinelGallardo's ghost (novice KoAs)
  6100 | D:6      | Killed OdinelGallardo's ghost
  6100 | D:6      | Reached skill level 10 in Armour
  6100 | D:6      | Reached XP level 9. HP: 76/80 MP: 8/8
  6200 | D:6      | Noticed Pikel
  6216 | D:6      | Killed Pikel
  6527 | D:6      | Found a staircase to the Ecumenical Temple.
  6537 | Temple   | Entered the Ecumenical Temple
  6825 | D:6      | Found a stormy altar of Qazlal.
  6832 | D:6      | Reached skill level 1 in Evocations
  6911 | D:7      | Reached skill level 11 in Armour
  7893 | D:7      | Reached XP level 10. HP: 87/90 MP: 9/9
  8608 | D:8      | Reached skill level 12 in Armour
  9099 | D:8      | Gained mutation: You are covered in fur (AC +1). [mutagenic meat]
  9100 | D:8      | Gained mutation: You are partially covered in molten scales (AC +1). [mutagenic meat]
  9739 | D:9      | Noticed a hill giant
  9752 | D:8      | Killed a hill giant
 10720 | D:8      | Reached skill level 10 in Polearms
 11456 | D:9      | Reached skill level 13 in Armour
 11463 | D:9      | Reached skill level 10 in Fighting
 12019 | D:10     | Entered Level 10 of the Dungeon
 12146 | D:10     | Reached XP level 11. HP: 94/99 MP: 11/11
 12166 | D:10     | Noticed a hill giant
 12174 | D:10     | Killed a hill giant
 12853 | D:11     | Noticed a hill giant
 12854 | D:11     | Noticed Erolcha
 12863 | D:11     | Killed a hill giant
 12875 | D:11     | Killed Erolcha
 13199 | D:11     | Killed an unseen horror
 13285 | D:11     | Noticed a hill giant
 13292 | D:11     | Killed a hill giant
 13292 | D:11     | Reached skill level 14 in Armour
 13515 | D:11     | Lost mutation: You are covered in fur (AC +1). [potion of cure mutation]
 13515 | D:11     | Lost mutation: You have a beak for a mouth. [potion of cure mutation]
 13515 | D:11     | Lost mutation: You are partially covered in molten scales (AC +1). [potion of cure mutation]
 13516 | D:11     | Gained mutation: You are partially covered in thin metallic scales (AC +2). [potion of mutation]
 13516 | D:11     | Gained mutation: You have a pair of large horns on your head. [potion of mutation]
 13516 | D:11     | Gained mutation: You expend magic power (3 MP) to strengthen your wands. [potion of mutation]
 13538 | D:11     | Found a staircase to the Lair.
 13926 | D:11     | Noticed a green ugly thing
 13932 | D:11     | Killed a green ugly thing
 14255 | D:12     | Found a bloodstained altar of Trog.
 14256 | D:12     | Noticed a wizard
 14262 | D:12     | Killed a wizard
 14319 | D:12     | Noticed a hill giant
 14694 | D:13     | Noticed a deep elf mage
 14697 | D:13     | Killed a deep elf mage
 14699 | D:13     | Noticed a deep troll earth mage
 14699 | D:13     | Noticed an eight-headed hydra
 14705 | D:13     | Killed a deep troll earth mage
 14716 | D:13     | HP: 2/103 [something (6)]
 14717 | D:13     | Slain by an unseen horror

Skill      XL: |  1  2  3  4  5  6  7  8  9 10 11 |
---------------+----------------------------------+-----
Armour         | 4 7 8 10 11 13 14 | 14.4
Shields        | 4 |  4.8
Axes           | 3 |  3.7
Fighting       | 4 5 6 7 8 10 11 | 11.6
Polearms       | 2 3 6 8 10 12 | 12.0
Stealth        | 1 |  1.4
Evocations     | 1 2 |  2.5

Action                   |  1- 3 |  4- 6 |  7- 9 | 10-12 || total
-------------------------+-------+-------+-------+-------++-------
Melee: War axe           |    86 |    15 |       |       ||   101
       Headbutt          |    10 |     8 |    36 |    83 ||   137
       Halberd           |       |    37 |   355 |   357 ||   749
       Peck              |       |       |    42 |    61 ||   103
Throw: Tomahawk          |       |     1 |       |       ||     1
Evoke: Wand              |       |       |     2 |    34 ||    36
  Use: Potion            |       |     2 |     7 |     7 ||    16
       Scroll            |       |     6 |     7 |     6 ||    19
  Eat: Meat ration       |     1 |       |       |     1 ||     2
       Chunk             |       |     3 |     6 |    11 ||    20
       Fruit             |       |     1 |       |       ||     1
       Bread ration      |       |       |     1 |     4 ||     5
       Beef jerky        |       |       |     2 |     1 ||     3
Armor: Scale mail        |    45 |    25 |    31 |       ||   101
       Chain mail        |       |       |    90 |       ||    90
       Skin              |       |       |    31 |       ||    31
       Plate armour      |       |       |   123 |   337 ||   460
Dodge: Dodged            |    34 |    44 |   170 |   166 ||   414
Block: Shield            |    60 |     5 |       |       ||    65
